 Dungeon Crawl Stone Soup version 0.30-a0-715-gdb4ae3ece1 (webtiles) character file.

Game seed: 7152862223388118416

1912 Darius099 the Grappler (level 8, -4/74 HPs)
             Began as a Troll Monk on Jan 25, 2023.
             Slain by a killer bee (5 damage)
             ... on level 7 of the Dungeon.
             The game lasted 00:11:02 (4529 turns).

Darius099 the Grappler (Troll Monk)                 Turns: 4529, Time: 00:11:02

Health: -4/74      AC:  4    Str: 26    XL:     8   Next: 95%
Magic:  7/7        EV: 10    Int:  6    God:
Gold:   357        SH:  0    Dex: 14    Spells: 7/7 levels left

rFire   . . .      SeeInvis .      - Unarmed
rCold   + . .      Faith    .    (no shield)
rNeg    . . .      Spirit   .    a - +0 robe
rPois   .          Reflect  .    (helmet restricted)
rElec   .          Harm     .    (no cloak)
rCorr   .          Rampage  .    (gloves unavailable)
Will    .....                    (boots unavailable)
Stlth   ++                       f - amulet of regeneration
HPRegen 1.92/turn                d - ring of protection from cold
MPRegen 0.10/turn                H - +6 ring of strength

@: lethally poisoned (-4 -> -12), marked, invisible
A: large, unfitting armour, claws 3, regeneration 1, shaggy fur 1, tough skin 1
a: no special abilities


You were on level 7 of the Dungeon.
You visited 1 branch of the dungeon, and saw 7 of its levels.
You also visited: Sewer.

You collected 357 gold pieces.

Inventory:

Armour
 a - a +0 robe (worn)
Jewellery
 d - a ring of protection from cold (left claw)
 f - an amulet of regeneration (around neck)
 h - a ring of protection from fire
 l - a ring of ice
 x - a +6 ring of intelligence
 E - a ring of fire
 H - a +6 ring of strength (right claw)
 I - a +6 ring of dexterity
Wands
 v - a wand of mindburst (18)
 C - a wand of roots (12)
 G - a wand of paralysis (5)
 K - a wand of flame (12)
Scrolls
 c - 2 scrolls of poison {unknown}
 e - 3 scrolls of immolation
 i - 2 scrolls of enchant weapon {unknown}
 j - a scroll of torment {unknown}
 m - 5 scrolls of teleportation
 t - 2 scrolls of noise {unknown}
 u - 2 scrolls of acquirement {unknown}
 y - a scroll of blinking {unknown}
 A - a scroll of enchant armour {unknown}
 D - a scroll of silence {unknown}
 F - a scroll of brand weapon {unknown}
 J - a scroll of vulnerability {unknown}
 L - a scroll of identify
Potions
 b - a potion of ambrosia
 g - 3 potions of flight
 k - 4 potions of heal wounds
 n - a potion of magic {unknown}
 o - a potion of haste
 p - 2 potions of mutation
 q - 2 potions of curing
 r - 3 potions of brilliance
 s - 3 potions of might
 w - a potion of lignification {unknown}
 z - a potion of cancellation {unknown}
 B - a potion of invisibility


   Skills:
 - Level 2.9 Fighting
 - Level 2.9 Dodging
 - Level 1.5 Stealth
 + Level 11.4 Unarmed Combat


You had 7 spell levels left.
You didn't know any spells.
Your spell library contained the following spells:

 Spells                   Type           Power      Damage    Failure   Level
 Sting                    Tmut/Pois      0%         1d3       45%         1
 Poisonous Vapours        Pois/Air       0%         N/A       58%         2
 Airstrike                Air            0%         2d(0-16)  99%         4
 Olgreb's Toxic Radiance  Pois           0%         N/A       99%         4
 Summon Lightning Spire   Summ/Air       0%         N/A       99%         4
 Lightning Bolt           Conj/Air       0%         1d11      100%        5


Dungeon Overview and Level Annotations

Branches:
Dungeon (7/15)              Sewer (visited)
 Temple: D:4-7

Altars:
Ashenzari
Hepliaklqana
Ru
Vehumet
Xom

Shops:
D:1 ?   D:6 *


Innate Abilities, Weirdness & Mutations

You are too large for most types of armour.
You have claws for hands.
Your natural rate of healing is unusually fast.
You are covered in fur. (AC +1)
You have tough skin. (AC +1)


Message History

The killer bee stings you.
The killer bee attacks as you move away!
The killer bee closely misses you.
You feel very sick. The killer bee barely misses you.
The killer bee stings you but does no damage.
The killer bee stings you.
* * * LOW HITPOINT WARNING * * *
You are more poisoned.
The killer bee poisons you! The killer bee stings you.
* * * LOW HITPOINT WARNING * * *
The killer bee attacks as you move away!
The killer bee stings you but does no damage.
The killer bee attacks as you move away!
The killer bee stings you but does no damage.
The killer bee attacks as you move away!
The killer bee stings you.
* * * LOW HITPOINT WARNING * * *
x2 You feel very sick.
The killer bee stings you but does no damage.
The killer bee closely misses you. The killer bee misses you.
The killer bee barely misses you.
A wight comes into view. It is wielding a +0 halberd.
You feel much better.
You feel very sick. The killer bee stings you!
* * * LOW HITPOINT WARNING * * *
The killer bee barely misses you. x2; The killer bee closely misses you.
The killer bee barely misses you. The killer bee stings you.
* * * LOW HITPOINT WARNING * * *
You are lethally poisoned!
The killer bee poisons you! The killer bee closely misses you.
The killer bee stings you.
* * * LOW HITPOINT WARNING * * *
You fade into invisibility!
* * * LOW HITPOINT WARNING * * *
You feel very sick.
The killer bee stings you but does no damage.
The killer bee barely misses you. The killer bee stings you.
You die...

#...#
#.........##..## #y..
#...##
#............## ##
#...# #...........##
#...####.........##
#...# #........##
#...###.......##
##...#........#
+...#...yyy..#
##.##....@y>.#
#...)).....##
#####))....# ##....##
#####.)z## #
#######......#####
####.......####.....#
........####
#........ ######..##
##.......


You could see 4 killer bees and a wight (unable to see you).

Vanquished Creatures
  Prince Ribbit (D:6)
  Sigmund (D:2)
  A water moccasin (D:6)
  An ice beast (D:6)
  2 kobold brigands
  3 scorpions
  A necrophage (D:5)
  3 wights (D:6)
  2 howler monkeys
  3 hounds (D:6)
  A jelly (D:6)
  A gnoll bouda (D:7)
  Jessica (D:2)
  5 iguanas
  An orc wizard (D:6)
  Natasha (thrice) (D:2)
  Robin (D:3)
  7 gnolls
  11 adders
  A shadow imp (D:6)
  2 white imps
  An ufetubus (D:4)
  4 worms
  4 dart slugs
  5 orcs
  12 ball pythons
  9 endoplasms
  6 giant cockroaches
  10 hobgoblins
  23 kobolds
  9 quokkas
  2 training dummies (D:5)
  6 bats
  3 frilled lizards
  20 goblins
  10 rats
176 creatures vanquished.

Vanquished Creatures (others)
  22 plants (D:6)
  5 toadstools (D:1)
27 creatures vanquished.

Grand Total: 203 creatures vanquished

Notes
Turn   | Place    | Note
-------+----------+-------------------------------------------
     0 | D:1      | Darius099 the Troll Monk began the quest for the Orb.
     0 | D:1      | Reached XP level 1. HP: 22/22 MP: 0/0
    48 | D:1      | Reached XP level 2. HP: 29/29 MP: 1/1
   322 | D:1      | Reached XP level 3. HP: 36/36 MP: 2/2
   617 | D:1      | Found Balaget's Magic Scroll Boutique.
   886 | D:2      | Found a shimmering altar of Xom.
   988 | D:2      | Noticed Jessica
   995 | D:2      | Killed Jessica
   996 | D:2      | Reached XP level 4. HP: 38/44 MP: 3/3
  1161 | D:2      | Reached skill level 4 in Unarmed Combat
  1270 | D:2      | Noticed Natasha
  1273 | D:2      | Noticed Sigmund
  1278 | D:2      | Killed Natasha
  1284 | D:2      | Killed Sigmund
  1285 | D:2      | Reached skill level 5 in Unarmed Combat
  1285 | D:2      | Reached XP level 5. HP: 42/52 MP: 4/4
  1285 | D:2      | Reached XP level 6. HP: 47/59 MP: 5/5
  1348 | D:2      | Noticed Natasha
  1354 | D:2      | Killed Natasha
  1355 | D:2      | Reached skill level 6 in Unarmed Combat
  1451 | D:2      | Noticed Natasha
  1469 | D:2      | Killed Natasha
  1512 | D:3      | Noticed Robin
  1545 | D:3      | Killed Robin
  1752 | D:3      | Found a broken altar of Ashenzari.
  1756 | D:3      | Saw a vision of the Shoals and the Spider Nest.
  1756 | D:3      | Noticed a merfolk impaler
  1756 | D:3      | Noticed a merfolk
  1756 | D:3      | Noticed a wind drake
  1756 | D:3      | Noticed a snapping turtle
  1756 | D:3      | Noticed a merfolk impaler
  1756 | D:3      | Noticed a merfolk impaler
  1756 | D:3      | Noticed a merfolk
  1756 | D:3      | Noticed a merfolk
  1756 | D:3      | Noticed a boulder beetle
  1756 | D:3      | Noticed an entropy weaver
  1756 | D:3      | Noticed a culicivora
  1756 | D:3      | Noticed a redback
  1756 | D:3      | Noticed a boulder beetle
  1756 | D:3      | Noticed a redback
  1756 | D:3      | Noticed a demonic crawler
  1756 | D:3      | Noticed a demonic crawler
  1756 | D:3      | Noticed a jumping spider
  1756 | D:3      | Noticed an entropy weaver
  1756 | D:3      | Noticed a tarantella
  1756 | D:3      | Noticed a jumping spider
  1757 | D:3      | Noticed a tarantella
  1757 | D:3      | Noticed an alligator snapping turtle
  1758 | D:3      | Noticed a redback
  2294 | D:4      | Reached skill level 7 in Unarmed Combat
  2450 | D:4      | Reached XP level 7. HP: 49/66 MP: 6/6
  2668 | D:5      | Entered Level 5 of the Dungeon
  2694 | D:5      | Found a glowing drain.
  2732 | Sewer    | Entered a sewer
  2982 | D:5      | Reached skill level 8 in Unarmed Combat
  3415 | D:5      | Found a sacrificial altar of Ru.
  3652 | D:6      | Reached skill level 9 in Unarmed Combat
  3698 | D:6      | Reached XP level 8. HP: 68/74 MP: 7/7
  3853 | D:6      | Reached skill level 10 in Unarmed Combat
  4024 | D:6      | Found a radiant altar of Vehumet.
  4120 | D:6      | Found a hazy altar of Hepliaklqana.
  4120 | D:6      | Noticed Prince Ribbit
  4160 | D:6      | Killed Prince Ribbit
  4161 | D:6      | Reached skill level 11 in Unarmed Combat
  4236 | D:6      | Found Lypn's CLEARANCE SALE!.
  4529 | D:7      | HP: 1/74 [poisoned by a killer bee]
  4529 | D:7      | Slain by a killer bee

Illustrated notes

Levels and vault maps discovered:
D:1:      ebering_trefoil_twist, layout_loops_ring, serial_shops,
          nicolae_shop_trees, chequers_serial_rivers_large_b,
          minmay_gold_behind_fungi, chequers_serial_rivers_marsh,
          minmay_misc_feat_five
D:2:      layout_basic, basic_altar, st_stairs_1, uniq_natasha, uniq_sigmund,
          uniq_jessica
D:3:      layout_loops_cross, grunt_ashenzari_visionary
          [grunt_ashenzari_visionary_shoals, grunt_ashenzari_visionary_spider],
          minmay_fractal_squares_5, uniq_robin
D:4:      layout_cave_pools
D:5:      dreamdust_elfheim, layout_loops_ring, mainiacjoe_overflow_alcove_1,
          gup_sewer_entry_glass
D:6:      layout_loops_ring, nicolae_hepliaklqana_hazy_memory,
          general_overflow_altar, nicolae_shop_clearance, uniq_prince_ribbit1
D:7:      minmay_razor_zed, layout_cave_pods, jmf_multi_god_temple

Skill      XL: |  1  2  3  4  5  6  7  8 |
---------------+-------------------------+-----
Unarmed Combat | 5 7 9 11 | 11.4
Fighting       | |  2.9
Dodging        | |  2.9
Stealth        | |  1.5

Action                     |  1- 3 |  4- 6 |  7- 9 || total
---------------------------+-------+-------+-------++-------
  Melee: Unarmed           |   116 |   135 |   178 ||   429
         Punch             |     1 |     3 |     3 ||     7
    Use: Scroll            |       |     5 |     5 ||    10
         Potion            |       |       |     2 ||     2
   Stab: Sleeping          |     1 |     4 |     5 ||    10
         Distracted        |       |     1 |       ||     1
 Armour: Robe              |    46 |    39 |    34 ||   119
  Dodge: Dodged            |    78 |    77 |    92 ||   247

Table legend: (Time is in decaauts)
 A = Elapsed time spent in this place.
 B = Non-inter-level travel time spent in this place.
 C = Inter-level travel time spent in this place.
 D = Time resting spent in this place.
 E = Time spent auto-exploring this place.
 F = Levels seen in this place.
 G = Mean time per level.
                   A        B        C        D        E       F      G
               +--------+--------+--------+--------+--------+-----+--------+
         Total |   4478 |   4263 |    215 |     22 |   2708 |   8 |  559.8 |
       Dungeon |   4255 |   4040 |    215 |     22 |   2600 |   7 |  607.9 |
         Sewer |    222 |    222 |      0 |      0 |    108 |   1 |  222.0 |
               +--------+--------+--------+--------+--------+-----+--------+

Top non-repeatable levels by time:
     D:1: 756 daAuts
     D:6: 740 daAuts
     D:2: 733 daAuts
     D:5: 710 daAuts
     D:3: 644 daAuts
     D:4: 510 daAuts
   Sewer: 222 daAuts
     D:7: 158 daAuts
